[ AOE2 MATCH · #490878955 ]
UnrankedTupi vs Malay
[ REPLAY ANALYSIS · EXTRACTED FROM THE RECORDED GAME ]
Feudal
—
Castle
—
Imperial
—
| APM avg | 64.0 |
| APM peak | 85 |
| eAPM avg | 35.7 |
| Villagers / military | 34 / 0 |
Focus
⚔️ 49.2% · 🌾 50.8%
Fishing Ship ×15
Feudal
—
Castle
—
Imperial
—
| APM avg | 8.8 |
| APM peak | 72 |
| eAPM avg | 2.2 |
| Villagers / military | 4 / 0 |
Focus
⚔️ 0.0% · 🌾 100.0%
Feudal
9:05
Castle
—
Imperial
—
| APM avg | 68.8 |
| APM peak | 84 |
| eAPM avg | 14.6 |
| Villagers / military | 25 / 2 |
Focus
⚔️ 22.5% · 🌾 77.5%
Scout Cavalry ×2
Feudal
—
Castle
—
Imperial
—
| APM avg | 25.4 |
| APM peak | 45 |
| eAPM avg | 10.8 |
| Villagers / military | 21 / 0 |
Focus
⚔️ 17.6% · 🌾 82.4%
Fishing Ship ×4
Feudal
9:17
Castle
—
Imperial
—
| APM avg | 49.4 |
| APM peak | 61 |
| eAPM avg | 19.5 |
| Villagers / military | 23 / 0 |
Focus
⚔️ 44.0% · 🌾 56.0%
Feudal
—
Castle
—
Imperial
—
| APM avg | 64.0 |
| APM peak | 92 |
| eAPM avg | 32.6 |
| Villagers / military | 27 / 0 |
Focus
⚔️ 66.8% · 🌾 33.2%
Feudal
—
Castle
—
Imperial
—
| APM avg | 65.5 |
| APM peak | 94 |
| eAPM avg | 25.5 |
| Villagers / military | 23 / 0 |
Focus
⚔️ 15.8% · 🌾 84.2%
Feudal
9:23
Castle
—
Imperial
—
| APM avg | 79.8 |
| APM peak | 106 |
| eAPM avg | 25.8 |
| Villagers / military | 28 / 0 |
Focus
⚔️ 20.6% · 🌾 79.4%
Match map
Initial resources + every placement click. Lines = walls · curves = elevation contours. ◆ gold · ⬟ stone · ● berries · ✦ relic · ◌ wall gap
Your base
YEBISU's base
Herald 2.0's base
Frafn's base
KusBilge's base
Jinko no jutsu's base
الأُسْطَى — Al-Ustā's base
guillomee.11's base
Smoothed initial terrain · ◌ = detected wall gap · hover for details
Inputs per minute
— TAG_Sitaux - - YEBISU
Build order — TAG_Sitaux
63 actions detected in the replay
| 0:01 | Create | Villager (Male) |
| 0:01 | Create | Villager (Male) |
| 0:02 | Build | House |
| 0:07 | Build | House |
| 0:18 | Create | Villager (Male) |
| 0:18 | Create | Villager (Male) |
| 1:05 | Create | Villager (Male) |
| 1:05 | Create | Villager (Male) |
| 1:28 | Create | Villager (Male) |
| 1:28 | Create | Villager (Male) |
| 1:53 | Build | Settlement |
| 2:06 | Create | Villager (Male) |
| 2:38 | Create | Villager (Male) |
| 3:00 | Create | Villager (Male) |
| 3:00 | Create | Villager (Male) |
| 3:29 | Create | Villager (Male) |
| 3:56 | Create | Villager (Male) |
| 3:56 | Create | Villager (Male) |
| 4:19 | Build | Dock |
| 4:20 | Build | Palisade Wall |
| 4:21 | Build | Palisade Wall |
| 4:25 | Create | Villager (Male) |
| 4:51 | Create | Villager (Male) |
| 4:58 | Create | Fishing Ship |
| 5:06 | Build | House |
| 5:09 | Create | Villager (Male) |
| 5:10 | Create | Villager (Male) |
| 5:29 | Create | Fishing Ship |
| 5:29 | Create | Fishing Ship |
| 5:40 | Create | Villager (Male) |
| 6:11 | Create | Villager (Male) |
| 6:14 | Create | Fishing Ship |
| 6:22 | Build | House |
| 6:31 | Build | Dock |
| 6:33 | Build | Palisade Wall |
| 6:34 | Build | Palisade Wall |
| 6:40 | Create | Villager (Male) |
| 6:41 | Create | Villager (Male) |
| 7:01 | Create | Fishing Ship |
| 7:05 | Create | Villager (Male) |
| 7:05 | Create | Villager (Male) |
| 7:14 | Create | Fishing Ship |
| 7:25 | Create | Villager (Male) |
| 7:26 | Create | Villager (Male) |
| 7:41 | Build | Settlement |
| 7:52 | Create | Villager (Male) |
| 8:05 | Create | Villager (Male) |
| 8:09 | Create | Fishing Ship |
| 8:09 | Create | Fishing Ship |
| 8:10 | Create | Fishing Ship |
| 8:27 | Build | House |
| 8:29 | Create | Villager (Male) |
| 8:29 | Create | Villager (Male) |
| 8:40 | Create | Fishing Ship |
| 8:41 | Create | Fishing Ship |
| 8:48 | Build | House |
| 8:57 | Create | Fishing Ship |
| 8:57 | Create | Fishing Ship |
| 9:03 | Create | Villager (Male) |
| 9:30 | Create | Villager (Male) |
| 9:33 | Create | Fishing Ship |
| 9:44 | Create | Fishing Ship |
| 9:48 | Create | Villager (Male) |
Build order — YEBISU
6 actions detected in the replay
| 0:01 | Create | Villager (Male) |
| 0:01 | Create | Villager (Male) |
| 0:02 | Build | House |
| 0:04 | Build | House |
| 0:11 | Create | Villager (Male) |
| 0:16 | Create | Villager (Male) |
Build order — Herald 2.0
41 actions detected in the replay
| 0:01 | Create | Villager (Male) |
| 0:01 | Create | Villager (Male) |
| 0:02 | Build | House |
| 0:04 | Build | House |
| 0:31 | Create | Villager (Male) |
| 0:31 | Create | Villager (Male) |
| 0:31 | Create | Villager (Male) |
| 1:33 | Create | Villager (Male) |
| 1:34 | Create | Villager (Male) |
| 1:54 | Build | Lumber Camp |
| 2:00 | Create | Villager (Male) |
| 2:00 | Create | Villager (Male) |
| 2:18 | Create | Villager (Male) |
| 2:19 | Create | Villager (Male) |
| 3:02 | Create | Villager (Male) |
| 3:02 | Create | Villager (Male) |
| 3:03 | Create | Villager (Male) |
| 3:34 | Create | Villager (Male) |
| 3:34 | Create | Villager (Male) |
| 3:57 | Build | House |
| 4:10 | Create | Villager (Male) |
| 4:10 | Create | Villager (Male) |
| 4:10 | Create | Villager (Male) |
| 4:49 | Create | Villager (Male) |
| 5:27 | Build | Mill |
| 5:29 | Create | Villager (Male) |
| 5:51 | Research | Loom |
| 6:30 | Create | Villager (Male) |
| 6:47 | Research | Feudal Age |
| 7:17 | Build | House |
| 8:23 | Build | Barracks |
| 8:44 | Create | Villager (Male) |
| 9:05 | Age | Feudal Age |
| 9:09 | Build | Stable |
| 9:13 | Create | Villager (Male) |
| 9:28 | Research | Double-Bit Axe |
| 9:28 | Research | Double-Bit Axe |
| 9:34 | Build | House |
| 9:39 | Create | Villager (Male) |
| 9:46 | Create | Scout Cavalry |
| 9:46 | Create | Scout Cavalry |
Build order — Frafn
39 actions detected in the replay
| 0:00 | Create | Villager (Male) |
| 0:02 | Build | House |
| 0:07 | Build | House |
| 0:10 | Create | Villager (Male) |
| 0:11 | Create | Villager (Male) |
| 0:11 | Create | Villager (Male) |
| 1:30 | Create | Villager (Male) |
| 1:30 | Create | Villager (Male) |
| 2:05 | Create | Villager (Male) |
| 2:24 | Create | Villager (Male) |
| 3:02 | Create | Villager (Male) |
| 3:17 | Create | Villager (Male) |
| 3:33 | Create | Villager (Male) |
| 3:42 | Build | House |
| 3:43 | Build | House |
| 4:12 | Build | Lumber Camp |
| 4:17 | Create | Villager (Male) |
| 4:48 | Create | Villager (Male) |
| 4:57 | Create | Villager (Male) |
| 5:39 | Create | Villager (Male) |
| 5:46 | Build | Dock |
| 6:05 | Create | Villager (Male) |
| 6:25 | Create | Villager (Male) |
| 6:27 | Create | Fishing Ship |
| 6:55 | Create | Villager (Male) |
| 6:57 | Build | Mill |
| 7:17 | Create | Villager (Male) |
| 7:21 | Create | Fishing Ship |
| 7:21 | Create | Fishing Ship |
| 7:36 | Research | Loom |
| 7:40 | Create | Villager (Male) |
| 8:00 | Research | Loom |
| 8:08 | Create | Fishing Ship |
| 8:38 | Build | Mill |
| 8:41 | Create | Villager (Male) |
| 8:55 | Build | House |
| 8:57 | Build | House |
| 9:21 | Research | Feudal Age |
| 9:23 | Build | Mining Camp |
Build order — KusBilge
32 actions detected in the replay
| 0:02 | Create | Villager (Male) ×4 |
| 0:03 | Build | House |
| 0:04 | Build | House |
| 1:09 | Create | Villager (Male) |
| 1:09 | Create | Villager (Male) |
| 1:48 | Create | Villager (Male) |
| 2:04 | Create | Villager (Male) |
| 2:04 | Create | Villager (Male) |
| 2:31 | Build | Lumber Camp |
| 2:37 | Create | Villager (Male) |
| 2:37 | Create | Villager (Male) |
| 2:59 | Create | Villager (Male) |
| 3:33 | Create | Villager (Male) |
| 3:45 | Create | Villager (Male) |
| 3:45 | Create | Villager (Male) |
| 3:56 | Create | Villager (Male) |
| 3:56 | Create | Villager (Male) |
| 4:41 | Research | Loom |
| 4:56 | Create | Villager (Male) |
| 4:58 | Build | House |
| 5:16 | Create | Villager (Male) |
| 6:17 | Create | Villager (Male) |
| 6:25 | Build | Mill |
| 6:28 | Create | Villager (Male) |
| 6:54 | Research | Feudal Age |
| 6:54 | Research | Feudal Age |
| 8:23 | Build | Barracks |
| 9:13 | Create | Villager (Male) |
| 9:17 | Age | Feudal Age |
| 9:23 | Create | Villager (Male) |
| 9:25 | Build | Stable |
| 9:28 | Build | Stable |
Build order — Jinko no jutsu
38 actions detected in the replay
| 0:01 | Create | Villager (Male) |
| 0:01 | Create | Villager (Male) |
| 0:01 | Create | Villager (Male) |
| 0:03 | Build | House |
| 0:05 | Build | House |
| 0:10 | Create | Villager (Male) |
| 1:24 | Create | Villager (Male) |
| 1:56 | Create | Villager (Male) |
| 1:56 | Create | Villager (Male) |
| 2:12 | Create | Villager (Male) |
| 2:12 | Create | Villager (Male) |
| 2:19 | Build | Lumber Camp |
| 2:51 | Create | Villager (Male) |
| 2:51 | Create | Villager (Male) |
| 3:22 | Create | Villager (Male) |
| 3:22 | Create | Villager (Male) |
| 3:22 | Create | Villager (Male) |
| 3:53 | Build | House |
| 4:07 | Create | Villager (Male) |
| 4:07 | Create | Villager (Male) |
| 4:21 | Build | Mill |
| 4:34 | Create | Villager (Male) |
| 4:35 | Create | Villager (Male) |
| 4:36 | Create | Villager (Male) |
| 4:36 | Create | Villager (Male) |
| 5:11 | Create | Villager (Male) |
| 5:22 | Create | Villager (Male) |
| 5:53 | Create | Villager (Male) |
| 6:03 | Create | Villager (Male) |
| 6:03 | Create | Villager (Male) |
| 6:16 | Build | House |
| 6:45 | Build | House |
| 7:05 | Create | Villager (Male) |
| 7:07 | Build | Farm |
| 7:09 | Build | Farm |
| 7:22 | Build | Mining Camp |
| 7:36 | Create | Villager (Male) |
| 8:22 | Research | Feudal Age |
Build order — الأُسْطَى — Al-Ustā
30 actions detected in the replay
| 0:01 | Create | Villager (Male) |
| 0:02 | Create | Villager (Male) |
| 0:02 | Create | Villager (Male) |
| 0:03 | Build | House |
| 0:04 | Build | House |
| 0:11 | Create | Villager (Male) |
| 0:11 | Create | Villager (Male) |
| 0:11 | Create | Villager (Male) |
| 1:46 | Create | Villager (Male) |
| 1:46 | Create | Villager (Male) |
| 2:03 | Create | Villager (Male) |
| 2:04 | Create | Villager (Male) |
| 2:17 | Build | Lumber Camp |
| 2:28 | Create | Villager (Male) |
| 2:43 | Create | Villager (Male) |
| 2:43 | Create | Villager (Male) |
| 2:44 | Create | Villager (Male) |
| 3:22 | Create | Villager (Male) |
| 3:23 | Create | Villager (Male) |
| 3:52 | Create | Villager (Male) |
| 3:52 | Create | Villager (Male) |
| 3:54 | Create | Villager (Male) |
| 4:43 | Build | House |
| 6:00 | Build | House |
| 6:14 | Create | Villager (Male) |
| 6:14 | Research | Loom |
| 6:17 | Create | Villager (Male) |
| 6:18 | Create | Villager (Male) |
| 6:18 | Create | Villager (Male) |
| 7:39 | Build | House |
Build order — guillomee.11
40 actions detected in the replay
| 0:00 | Create | Villager (Male) |
| 0:01 | Create | Villager (Male) |
| 0:01 | Create | Villager (Male) |
| 0:02 | Build | House |
| 0:03 | Build | House |
| 0:07 | Create | Villager (Male) |
| 0:08 | Create | Villager (Male) |
| 1:13 | Create | Villager (Male) |
| 1:59 | Create | Villager (Male) |
| 1:59 | Create | Villager (Male) |
| 2:09 | Create | Villager (Male) |
| 2:25 | Build | Lumber Camp |
| 2:43 | Create | Villager (Male) |
| 2:43 | Create | Villager (Male) |
| 3:19 | Create | Villager (Male) |
| 3:26 | Build | House |
| 3:27 | Build | House |
| 3:35 | Create | Villager (Male) |
| 3:36 | Create | Villager (Male) |
| 3:52 | Create | Villager (Male) |
| 3:53 | Create | Villager (Male) |
| 4:22 | Create | Villager (Male) |
| 4:22 | Create | Villager (Male) |
| 4:38 | Create | Villager (Male) |
| 4:38 | Create | Villager (Male) |
| 5:29 | Build | Mining Camp |
| 5:40 | Research | Loom |
| 6:48 | Create | Villager (Male) |
| 7:08 | Research | Feudal Age |
| 7:08 | Research | Feudal Age |
| 7:10 | Build | Palisade Wall |
| 7:12 | Build | Palisade Wall |
| 7:37 | Create | Villager (Male) |
| 8:06 | Create | Villager (Male) |
| 8:06 | Create | Villager (Male) |
| 8:37 | Create | Villager (Male) |
| 8:37 | Create | Villager (Male) |
| 9:21 | Create | Villager (Male) |
| 9:21 | Create | Villager (Male) |
| 9:23 | Age | Feudal Age |
Match timeline
| 2:48 | YEBISU · resign |
| 4:19 | TAG_Sitaux · first_building Dock |
| 4:20 | TAG_Sitaux · wall_segment Palisade Wall x1 |
| 4:21 | TAG_Sitaux · wall_segment Palisade Wall x1 |
| 5:46 | Frafn · first_building Dock |
| 6:33 | TAG_Sitaux · wall_segment Palisade Wall x1 |
| 6:34 | TAG_Sitaux · wall_segment Palisade Wall x1 |
| 7:10 | guillomee.11 · wall_segment Palisade Wall x1 |
| 7:12 | guillomee.11 · wall_segment Palisade Wall x1 |
| 8:23 | KusBilge · first_building Barracks |
| 8:23 | Herald 2.0 · first_building Barracks |
| 9:05 | Herald 2.0 · age_up feudal |
| 9:09 | Herald 2.0 · first_building Stable |
| 9:17 | KusBilge · age_up feudal |
| 9:23 | guillomee.11 · age_up feudal |
| 9:25 | KusBilge · first_building Stable |
[ AI ANALYSIS · 1 CREDIT ]
What really happened in this match?
Wolo.gg analyzes every decision: build order, eco, micro, common mistakes by bracket. Personalized analysis on WhatsApp or Discord in 30 seconds.
Civ guide
Tupi
Perfil
Sitaux (TAG_Sitaux)